 Dungeon Crawl Stone Soup version 0.29.1-12-g30fa7ad0bf (webtiles) character file.

Game seed: 11488298011473146843

9 hawla the Firebug (level 2, -2/20 HPs)
             Began as a Meteoran Fire Elementalist on Jan 9, 2023.
             Slain by an endoplasm (3 damage)
             ... on level 2 of the Dungeon.
             The game lasted 00:01:25 (97 turns).

hawla the Firebug (Meteoran Fire Elementalist)        Turns: 97, Time: 00:01:26

Health: -2/20      AC:  2    Str:  9    XL:     2   Next: 41%
Magic:  5/6        EV: 12    Int: 16    God:
Gold:   0          SH:  0    Dex: 14    Spells: 3/6 levels left

rFire   . . .      SeeInvis .   (no weapon)
rCold   . . .      Faith    .   (no shield)
rNeg    . . .      Spirit   .   a - +0 robe
rPois   .          Reflect  .   (no helmet)
rElec   .          Harm     .   (no cloak)
rCorr   .          Rampage  .   (no gloves)
Will    +....                   (no boots)
Stlth   +.........              (no amulet)
HPRegen 0.06/turn               c - ring of willpower
MPRegen 0.10/turn               (no ring)

@: glowing
A: sense surroundings 1, otherworldly, glowing, explore regen
a: no special abilities


You were on level 2 of the Dungeon.
You visited 1 branch of the dungeon, and saw 2 of its levels.

Inventory:

Armour
 a - a +0 robe (worn)
Jewellery
 c - a ring of willpower (left hand)
Wands
 d - a wand of paralysis (8) (quivered)
Scrolls
 e - a scroll of teleportation {unknown}


   Skills:
 - Level 2.4 Dodging
 - Level 1.4 Stealth
 - Level 2.7 Spellcasting
 - Level 1.3 Conjurations
 - Level 3.7 Fire Magic
 + Level 1.8 Evocations


You had 3 spell levels left.
You knew the following spells:

 Your Spells              Type           Power      Damage    Failure   Level
a - Foxfire               Conj/Fire      40%        2x1d6     7%          1
b - Scorch                Fire           28%        2d6       6%          2

Your spell library contained the following spells:

 Spells                   Type           Power      Damage    Failure   Level
 Conjure Flame            Conj/Fire      10%        6-21      21%         3
 Inner Flame              Hex/Fire       8%         N/A       26%         3
 Flame Wave               Conj/Fire      10%        2d6       56%         4


Dungeon Overview and Level Annotations

Branches:
Dungeon (2/15) Zot: 1102

Altars:


Innate Abilities, Weirdness & Mutations

You passively map a small area around you.
You are easily found by Zot.
You glow in the dark.
You regain HP and MP as you explore.


Message History

The foxfire hits the giant cockroach.
You kill the giant cockroach!
The hobgoblin completely misses you.
Casting: Foxfire (safe; 7% risk of failure)
Confirm with . or Enter, or press ? or * to list all spells.
You conjure some foxfire!
The hobgoblin hits you.
* * * LOW HITPOINT WARNING * * *
You hit the hobgoblin but do no damage.
The hobgoblin is severely wounded.
The foxfire hits the hobgoblin.
You kill the hobgoblin!
The foxfire hits the worm.
The worm is moderately wounded.
An endoplasm comes into view.
The endoplasm quivers.
Casting: Foxfire (safe; 7% risk of failure)
Confirm with . or Enter, or press ? or * to list all spells.
You conjure some foxfire!
Casting: Foxfire (safe; 7% risk of failure)
Confirm with . or Enter, or press ? or * to list all spells.
You conjure some foxfire!
The foxfire hits the worm.
The worm is moderately wounded.
The foxfire hits the worm.
The worm is severely wounded.
The foxfire hits the endoplasm.
The endoplasm is heavily wounded.
You completely miss the endoplasm.
The endoplasm is heavily wounded.
The foxfire hits the worm.
The worm is severely wounded.
Found 7 stones.
The endoplasm hits you.
* * * LOW HITPOINT WARNING * * *
Magic courses through your body. The endoplasm hits you.
* * * LOW HITPOINT WARNING * * *
Casting: Foxfire (safe; 7% risk of failure)
Confirm with . or Enter, or press ? or * to list all spells.
Flames lash the worm.
You kill the worm!
The endoplasm hits you.
You die...

#.........#* *
##.......... , , ,
, ...........# * *
* * ...###.##..## ,
* .?.....###.†## ,
*, #.###......†.# ,
, , #.#
###.#....######## *
* #.#
*#.##..........####
...,
.........†@......#
..#
..#.###....J##..#..
## ##.#.# #####....
(# , #.... ###....
##.#. *..#.. * *
...., , , * #### *
* * , *


You could see an endoplasm.

Vanquished Creatures
  A worm (D:2)
  An endoplasm (D:2)
  2 giant cockroaches (D:2)
  2 hobgoblins (D:2)
  A frilled lizard (D:2)
  2 kobolds (D:2)
9 creatures vanquished.

Vanquished Creatures (others)
  25 foxfires
25 creatures vanquished.

Grand Total: 34 creatures vanquished

Notes
Turn   | Place    | Note
-------+----------+-------------------------------------------
     0 | D:1      | hawla the Meteoran Fire Elementalist began the quest for
                  | the Orb.
     0 | D:1      | Reached XP level 1. HP: 14/14 MP: 5/5
    52 | D:2      | Reached skill level 1 in Evocations
    52 | D:2      | Reached XP level 2. HP: 20/20 MP: 0/6
    56 | D:2      | Learned a level 2 spell: Scorch
    86 | D:2      | HP: 1/20 [hobgoblin (4)]
    96 | D:2      | HP: 1/20 [endoplasm (1)]
    97 | D:2      | Slain by an endoplasm

Illustrated notes

Levels and vault maps discovered:
D:1:      wander_arrival_lonely_grave, layout_basic, moated_statue,
          minmay_heptomino_d4
D:2:      layout_rooms, hellmonk_ecumenical_altar_run_dry

Skill      XL: |  1 |
---------------+----+-----
Evocations     | 1 |  1.8
Dodging        | |  2.4
Stealth        | |  1.4
Spellcasting   | |  2.7
Conjurations   | |  1.3
Fire Magic     | |  3.7

Action                   || total
-------------------------++-------
Melee: Unarmed           ||     5
 Cast: Foxfire           ||    15
       Scorch            ||     3
  Use: Potion            ||     1
Armor: Robe              ||     6
Dodge: Dodged            ||    16
